 Dungeon Crawl Stone Soup version 0.25-a0-458-g6fc7858b95 (webtiles) character file.

Game seed: 14786283104630031994, levelgen mode: deterministic

955 Error4North the Chopper (level 8, -4/67 HPs)
             Began as a Hill Orc Fighter on Feb 1, 2020.
             Slain by Pikel
             ... wielding a +1 whip of electrocution
              (13 damage)
             ... on level 5 of the Dungeon.
             The game lasted 00:12:47 (4328 turns).

Error4North the Chopper (Hill Orc Fighter)          Turns: 4328, Time: 00:12:48

Health: -4/67      AC: 14    Str: 21    XL:     8   Next: 14%
Magic:  11/11      EV:  4    Int:  8    God:
Gold:   224        SH: 10    Dex: 10    Spells: 11/11 levels left

rFire    . . .     SeeInvis .   a - +0 war axe
rCold    . . .     Gourm    .   c - +0 shield
rNeg     . . .     Faith    .   q - +0 plate armour
rPois    .         Spirit   .   (no helmet)
rElec    .         Reflect  .   l - +1 cloak
rCorr    .         Harm     .   (no gloves)
MR       .....                  (no boots)
Stlth    ..........             (no amulet)
HPRegen  0.21/turn              (no ring)
MPRegen  0.12/turn              (no ring)

@: no status effects
A: no striking features
a: no special abilities


You were on level 5 of the Dungeon.
You were not hungry.

You visited 1 branch of the dungeon, and saw 5 of its levels.

You collected 224 gold pieces.

Inventory:

Hand Weapons
 a - a +0 war axe (weapon)
Missiles
 g - 16 boomerangs (quivered)
Armour
 c - a +0 shield (worn)
 l - a +1 cloak (worn)
 q - a +0 plate armour (worn)
Jewellery
 u - a +3 ring of intelligence {unknown}
Scrolls
 e - 2 scrolls of remove curse {unknown}
 i - 6 scrolls of identify {unknown}
 j - a scroll of enchant armour {unknown}
 o - a scroll of fear {unknown}
 p - a scroll of amnesia {unknown}
 r - a scroll of enchant weapon {unknown}
 s - a scroll of blinking {unknown}
 t - a scroll of magic mapping {unknown}
 x - 2 scrolls of immolation {unknown}
 y - a scroll of noise {unknown}
Potions
 b - a potion of mutation {unknown}
 d - a potion of might
 h - a potion of degeneration {unknown}
 k - a potion of resistance {unknown}
 m - 2 potions of lignification {unknown}
 n - a potion of cancellation {unknown}
 v - 3 potions of curing {unknown}
Comestibles
 f - 4 rations
 w - a chunk of flesh


   Skills:
 + Level 4.7 Fighting
 + Level 7.0 Axes
 * Level 5.9 Armour
 + Level 0.3 Dodging
 + Level 0.1 Stealth
 * Level 5.9 Shields
 * Level 2.0 Spellcasting


You had 11 spell levels left.
You didn't know any spells.
Your spell library was empty.

Dungeon Overview and Level Annotations

Branches:
Dungeon (5/15)
 Temple: D:4-7

Altars:

Annotations:
D:5 Pikel


Message History

You miss Pikel.
Pikel is lightly wounded.
You block Pikel's attack.
You hit Pikel.
Pikel is moderately wounded.
Pikel hits you but does no damage.
You are electrocuted!!
A slave comes into view.
Pikel hits you but does no damage.
You hit Pikel but do no damage.
Pikel is moderately wounded.
Pikel hits you but does no damage.
You are electrocuted!
* * * LOW HITPOINT WARNING * * *
You hit Pikel but do no damage.
Pikel is moderately wounded.
Pikel hits you with a +1 whip of electrocution.
* * * LOW HITPOINT WARNING * * *
You miss Pikel.
Pikel is moderately wounded.
Pikel hits you but does no damage.
You are electrocuted!
You die...

#.# ##.# #.# #.# ########.#
#.# #........# #.#
#.######.############ #.#
#.# #............# #.# #.#
############.# #.#
#.#################.# #.#
#.##........@Kppp##.#####.#
#....###########p##....##.#
###..# ####.##.# #..#
#.##.# #..## #.##.# #.(.#
#.##.## #)#.# ##.##..#
#.#.# #. ####...##.## #.#.#
#.##........#..


You could see Pikel and 4 slaves.

Vanquished Creatures
  An ice beast (D:4)
  Blork the orc (D:5)
  A howler monkey (D:5)
  A crimson imp (D:5)
  A centaur zombie (D:5)
  2 jellies
  A bullfrog skeleton (D:4)
  4 hounds
  An iguana (D:5)
  5 worker ants
  3 orc wizards (D:5)
  A hound skeleton (D:4)
  11 adders
  5 oozes
  A worm (D:3)
  2 dart slugs
  2 leopard geckos
  13 orcs
  3 ball pythons
  7 giant cockroaches
  5 goblins
  15 hobgoblins
  6 jackals
  11 kobolds
  4 quokkas
  9 bats
  5 frilled lizards
  A leopard gecko zombie (D:5)
  16 rats
138 creatures vanquished.

Notes
Turn   | Place    | Note
-------+----------+-------------------------------------------
     0 | D:1      | Error4North the Hill Orc Fighter began the quest for the
                  | Orb.
     0 | D:1      | Reached XP level 1. HP: 19/19 MP: 1/1
     1 | D:1      | Found a runed translucent door.
     2 | D:1      | Noticed a jelly
    59 | D:1      | Reached XP level 2. HP: 22/27 MP: 2/2
   388 | D:1      | Reached skill level 3 in Axes
   459 | D:2      | Reached XP level 3. HP: 33/33 MP: 3/3
   760 | D:2      | Found a faded altar of an unknown god.
   839 | D:2      | Reached XP level 4. HP: 32/40 MP: 4/4
  1664 | D:1      | Reached XP level 5. HP: 46/46 MP: 6/6
  1682 | D:1      | Reached skill level 1 in Spellcasting
  1687 | D:1      | Reached skill level 4 in Axes
  2470 | D:4      | Reached XP level 6. HP: 52/52 MP: 7/7
  2592 | D:4      | Reached skill level 5 in Axes
  2618 | D:4      | Reached skill level 5 in Armour
  2818 | D:4      | Noticed an ice beast
  2828 | D:4      | Killed an ice beast
  2828 | D:4      | Reached skill level 5 in Shields
  2828 | D:4      | Reached XP level 7. HP: 45/59 MP: 9/9
  3436 | D:5      | Entered Level 5 of the Dungeon
  3486 | D:5      | Reached skill level 6 in Axes
  3921 | D:5      | Reached XP level 8. HP: 55/67 MP: 10/10
  3936 | D:5      | Noticed Blork the orc
  3948 | D:5      | Killed Blork the orc
  4202 | D:5      | Reached skill level 7 in Axes
  4313 | D:5      | Noticed Pikel
  4328 | D:5      | Slain by Pikel

Levels and vault maps discovered:
D:1:      dpeg_arrival_caged_fury, layout_basic, minmay_pentomino_u2
D:2:      layout_loops_corners, chequers_ecumenical_altar_grove
D:3:      layout_loops_ring, grunt_decor_mini_mirrors
D:4:      layout_layer_cave, minmay_misc_feat_x
D:5:      layout_loops_ring, first_ration, uniq_blork_the_orc, uniq_pikel

Skill      XL: |  1  2  3  4  5  6  7  8 |
---------------+-------------------------+-----
Axes           | 3 4 5 6 7 |  7.0
Armour         | 4 5 |  5.9
Shields        | 4 5 |  5.9
Spellcasting   | 1 2 |  2.0
Fighting       | 4 |  4.7
Dodging        | |  0.3
Stealth        | |  0.1

Action                   |  1- 3 |  4- 6 |  7- 9 || total
-------------------------+-------+-------+-------++-------
Melee: War axe           |   114 |   249 |   166 ||   529
  Eat: Chunk             |       |     7 |     5 ||    12
Armor: Scale mail        |    63 |    92 |       ||   155
       Plate armour      |       |   101 |    93 ||   194
Dodge: Dodged            |    41 |    59 |    19 ||   119
Block: Shield            |    75 |   135 |    66 ||   276

Table legend:
 A = Non-vault XP
 B = Vault XP
 C = Vault XP percentage of total XP
 D = Non-vault monster count
 E = Vault monster count
 F = Vault count percentage of total count
                 A         B        C        D         E       F
            +---------+---------+-------+---------+---------+-------
      Total |    1181 |     184 |  13.5 |     119 |      19 |  13.8
            +---------+---------+-------+---------+---------+-------
        D:1 |      29 |      90 |  75.6 |      17 |      18 |  51.4
        D:2 |     119 |       0 |   0.0 |      31 |       0 |   0.0
        D:3 |      71 |       0 |   0.0 |      27 |       0 |   0.0
        D:4 |     458 |       0 |   0.0 |      22 |       0 |   0.0
        D:5 |     504 |      94 |  15.7 |      22 |       1 |   4.3
            +---------+---------+-------+---------+---------+-------
